[Event "2nd AICF Women-GM 2018"]
[Site "Hyderabad"]
[Date "2018.08.16"]
[Round "11"]
[White "Babiy, Olga"]
[Black "Mahalakshmi, M."]
[Result "1-0"]
[ECO "B10"]
[WhiteElo "2291"]
[BlackElo "2177"]
[Annotator "ChessBase"]
[PlyCount "115"]
[EventDate "2018.08.09"]
[EventType "tourn"]
[EventCountry "IND"]
[SourceTitle "playchess.com"]
[Source "ChessBase"]
[SourceQuality "1"]
[TimeControl "40/5400+30:1800+30"]

1. e4 c6 2. Nc3 d5 3. Nf3 dxe4 4. Nxe4 Nf6 5. Qe2 e6 6. Nxf6+ Qxf6 7. d4 Qd8 8. g3 Be7 9. Bg2 Nd7 10. O-O O-O 11. Rd1 b6 12. Bf4 Bb7 13. c4 Re8 14. Ne1 Qc8 15. Qe4 Nf8 16. Nd3 Ng6 17. Be3 Bf6 18. Ne5 Qc7 19. Bf4 Nxf4 20. gxf4 Rab8 21. c5 Bxe5 22. fxe5 Qe7 23. b4 Red8 24. Rac1 a5 25. b5 cxb5 26. c6 Ba8 27. Qe2 Rdc8 28. Qxb5 h6 29. a4 Rc7 30. Rc3 Qg5 31. h3 Rbc8 32. Rdc1 Rb8 33. Qe2 Rd8 34. Qe3 Qe7 35. Rb1 Rb8 36. Qc1 Qd8 37. Rc4 Qe8 38. Qc3 Qd8 39. f4 g6 40. Qe3 Kh7 41. Kh2 Rcc8 42. Qc3 Rc7 43. Rb5 Qh4 44. d5 exd5 45. Rxd5 Qe7 46. Rd6 b5 47. axb5 Rxb5 48. Qd4 Rb3 49. Rc3 Rb2 50. Rc1 Rb4 51. Qd2 Rb8 52. Rc2 Rbc8 53. Qxa5 Qh4 54. Qd2 Re7 55. Qf2 Qh5 56. Rd7 Rxd7 57. cxd7 Bxg2 58. dxc8=Q 1-0

[Event "2nd AICF Women-GM 2018"]
[Site "Hyderabad"]
[Date "2018.08.16"]
[Round "11"]
[White "Prudnykova, Olga"]
[Black "Nakhbayeva, Guliskhan"]
[Result "1-0"]
[ECO "A01"]
[WhiteElo "2272"]
[BlackElo "2352"]
[Annotator "ChessBase"]
[PlyCount "79"]
[EventDate "2018.08.09"]
[EventType "tourn"]
[EventCountry "IND"]
[SourceTitle "playchess.com"]
[Source "ChessBase"]
[SourceQuality "1"]
[TimeControl "40/5400+30:1800+30"]

1. b3 e5 2. Bb2 Nc6 3. e3 Nf6 4. Nf3 e4 5. Nd4 Bc5 6. Nxc6 bxc6 7. d3 Bb4+ 8. Nd2 exd3 9. Bxd3 d5 10. O-O O-O 11. h3 Qe7 12. a3 Bd6 13. Qf3 Nd7 14. e4 Qg5 15. Qd1 Qf4 16. g3 Qh6 17. exd5 cxd5 18. Nf3 Nc5 19. h4 Bg4 20. Be2 Rae8 21. Nd4 Rxe2 22. Nxe2 Bf3 23. b4 Ne4 24. Qd3 Ng5 25. Qf5 f6 26. Nd4 g6 27. Qd7 Rf7 28. Qc8+ Rf8 29. Qd7 Be4 30. Qg4 Be7 31. Bc1 c5 32. f3 f5 33. Bxg5 Qg7 34. Ne6 Qxa1 35. Rxa1 fxg4 36. Nxf8 Bxg5 37. hxg5 Bxc2 38. Ne6 c4 39. Nd4 Bd3 40. fxg4 1-0